 Dungeon Crawl Stone Soup version 0.29.0-4-gdea44cf6ec (webtiles) character file.

Game seed: 7538787983045938170

49 qw the Chopper (level 3, -1/21 HPs)
             Began as a Tengu Warper on Aug 28, 2022.
             Succumbed to an adder's poison
             ... on level 2 of the Dungeon.
             The game lasted 00:00:29 (1380 turns).

qw the Chopper (Tengu Warper)                       Turns: 1380, Time: 00:00:29

Health: -1/21      AC:  4    Str: 13    XL:     3   Next: 77%
Magic:  7/7        EV: 12    Int: 13    God:
Gold:   69         SH:  0    Dex: 13    Spells: 6/6 levels left

rFire   . . .      SeeInvis .   Y - +0 hand axe
rCold   . . .      Faith    .   (no shield)
rNeg    . . .      Spirit   .   b - +0 leather armour
rPois   .          Reflect  .   (helmet restricted)
rElec   .          Harm     .   f - +0 cloak
rCorr   .          Rampage  .   (no gloves)
Will    .....                   (boots unavailable)
Stlth   +.........              (no amulet)
HPRegen 0.07/turn               (no ring)
MPRegen 0.10/turn               (no ring)

@: lethally poisoned (-1 -> -7)
A: beak, talons 3
a: no special abilities


You were on level 2 of the Dungeon.
You visited 1 branch of the dungeon, and saw 2 of its levels.

You collected 69 gold pieces.


Innate Abilities, Weirdness & Mutations

You have a beak for a mouth.
You have claws for feet.


   Skills:
 - Level 2.0 Fighting
 + Level 4.4 Axes
 - Level 1.0 Throwing
 - Level 1.1 Armour
 - Level 2.1 Dodging
 - Level 2.0 Spellcasting
 - Level 2.4 Translocations


You had 6 spell levels left.
You didn't know any spells.
Your spell library contained the following spells:

 Spells                   Type           Power      Damage    Failure   Level
 Blink                    Tloc           14%        N/A       19%         2
 Gell's Gravitas          Tloc           7%         N/A       36%         3
 Lesser Beckoning         Tloc           7%         N/A       36%         3
 Teleport Other           Tloc           7%         N/A       36%         3
 Manifold Assault         Tloc           7%         N/A       98%         5

Inventory:

Hand Weapons
 g - a +0 whip
 Y - a +0 hand axe (weapon)
Armour
 b - a +0 leather armour (worn)
 f - a +0 cloak (worn)
Scrolls
 c - 2 scrolls of identify
Potions
 a - a potion of might
 d - a potion of brilliance {unknown}
 e - 2 potions of curing {unknown}
 h - a potion of berserk rage {unknown}

Dungeon Overview and Level Annotations

Branches:
Dungeon (2/15)

Altars:


Message History

The javelin completely misses the adder.
Throw: javelin
Press: ? - help, Q - select action Shift-Dir - straight line, f/p - adder You throw a javelin.
The javelin pierces through the adder.
The adder is lightly wounded.
You barely miss the adder. Your kick misses the adder.
The adder is lightly wounded.
The adder closely misses you.
You hit the adder. Your kick misses the adder. Your peck misses the adder.
The adder is heavily wounded.
The adder bites you. The adder misses you.
You hit the adder but do no damage.
The adder is moderately wounded.
The adder bites you.
You are poisoned.
The adder poisons you!
You hit the adder. You claw the adder, but do no damage.
The adder is heavily wounded.
You feel sick. The adder bites you.
You are more poisoned.
The adder poisons you!
You miss the adder. Your peck misses the adder.
The adder is heavily wounded.
You feel sick. The adder barely misses you. The adder bites you.
You are more poisoned.
The adder poisons you!
You completely miss the adder. Your kick misses the adder.
The adder is heavily wounded.
You feel very sick. The adder bites you but does no damage.
You hit the adder.
The adder is heavily wounded.
You feel sick.
The adder bites you but does no damage. x2
You barely miss the adder. Your kick misses the adder.
Your peck misses the adder.
The adder is heavily wounded.
You feel sick. The adder bites you but does no damage.
You miss the adder. Your kick misses the adder.
The adder is heavily wounded.
You die...

# #.# #..# #. #.# #..#
#.### #.# #..####
##....##.# #......
.........#######...%..
####.#..........###.#
#............# #.#
#########.#######.##
#.# (.....S@..# #.#
#.# ############## #.#
#.# .......<.# #.# #.#
########?# ##.####.#
#.###.#.<.)..
#.##.##.....#
#...###......
####(##.....#
##.#....##


You could see an adder.

Vanquished Creatures
  An adder (D:2)
  A dart slug (D:1)
  A ball python (D:1)
  6 bats
  3 endoplasms
  4 giant cockroaches
  3 goblins
  A hobgoblin (D:1)
  A quokka (D:1)
  3 frilled lizards
  3 kobolds
  11 rats
38 creatures vanquished.

Notes
Turn   | Place    | Note
-------+----------+-------------------------------------------
     0 | D:1      | qw the Tengu Warper began the quest for the Orb.
     0 | D:1      | Reached XP level 1. HP: 12/12 MP: 4/4
     0 | D:1      | 0 ||| qw: Version: 0.1-a-89-g26bdef1
     0 | D:1      | 0 ||| qw: Game counter: 3423
     0 | D:1      | 0 ||| qw: Always use a shield: true
     0 | D:1      | 0 ||| qw: God list: Okawaru
     0 | D:1      | 0 ||| qw: Allow faded altars: false
     0 | D:1      | 0 ||| qw: Do Orc after D:15 true
     0 | D:1      | 0 ||| qw: Do second Lair branch before Depths: true
     0 | D:1      | 0 ||| qw: Lair rune preference: random
     0 | D:1      | 0 ||| qw: Plans: Normal
     0 | D:1      | 0 ||| PLANNING D:1-11
    27 | D:1      | 27 ||| Stepping ~*~*~tactically~*~*~ (stealth).
    51 | D:1      | 51 ||| Stepping ~*~*~tactically~*~*~ (stealth).
    56 | D:1      | 56 ||| Stepping ~*~*~tactically~*~*~ (hiding).
    57 | D:1      | 57 ||| Stepping ~*~*~tactically~*~*~ (stealth).
    68 | D:1      | 68 ||| Stepping ~*~*~tactically~*~*~ (stealth).
   108 | D:1      | Reached skill level 3 in Axes
   108 | D:1      | Reached XP level 2. HP: 16/17 MP: 6/6
   438 | D:1      | 438 ||| Stepping ~*~*~tactically~*~*~ (stealth).
   439 | D:1      | 439 ||| Stepping ~*~*~tactically~*~*~ (stealth).
   461 | D:1      | 461 ||| Stepping ~*~*~tactically~*~*~ (stealth).
   660 | D:1      | You fall into a shaft and drop 1 floor!
   661 | D:2      | 661 ||| READING scroll labelled YNAPOGAITO.
   662 | D:2      | 662 ||| DROPPING scroll of blinking.
   889 | D:1      | Reached XP level 3. HP: 21/21 MP: 7/7
   984 | D:1      | 984 ||| UPGRADING to +0 cloak.
   989 | D:1      | 989 ||| READING 2 scrolls of identify.
   989 | D:1      | 989 ||| IDENTIFYING yellow potion
  1057 | D:2      | Reached skill level 4 in Axes
  1128 | D:2      | 1128 ||| Stepping ~*~*~tactically~*~*~ (stealth).
  1377 | D:2      | HP: 5/21 [poisoned by an adder]
  1379 | D:2      | HP: 1/21 [poisoned by an adder]
  1380 | D:2      | Succumbed to an adder's poison

Levels and vault maps discovered:
D:1:      dpeg_arrival_ratfight, layout_basic, nicolae_titane
D:2:      layout_loops_ring, uniq_sigmund

Skill      XL: |  1  2  3 |
---------------+----------+-----
Axes           | 3 4 |  4.4
Fighting       | |  2.0
Throwing       | |  1.0
Armour         | |  1.1
Dodging        | |  2.1
Spellcasting   | |  2.0
Translocations | |  2.4

Action                   || total
-------------------------++-------
Melee: Hand axe          ||    71
       Kick              ||    15
       Peck              ||     8
       Punch             ||     1
Throw: Boomerang         ||     7
       Javelin           ||    16
  Use: Scroll            ||     2
Armor: Leather armour    ||    14
Dodge: Dodged            ||    31

Table legend:
 A = Non-vault XP
 B = Vault XP
 C = Vault XP percentage of total XP
 D = Non-vault monster count
 E = Vault monster count
 F = Vault count percentage of total count
                 A         B        C        D         E       F
            +---------+---------+-------+---------+---------+-------
      Total |      66 |       5 |   7.0 |      33 |       5 |  13.2
            +---------+---------+-------+---------+---------+-------
        D:1 |      34 |       5 |  12.8 |      20 |       5 |  20.0
        D:2 |      32 |       0 |   0.0 |      13 |       0 |   0.0
            +---------+---------+-------+---------+---------+-------
